 Dungeon Crawl Stone Soup version 0.27.0-1-g7a089689b8 (webtiles) character file.

Game seed: 11901242646853467551

342 emiel the Poker (level 6, 0/56 HPs)
             Began as a Naga Fighter on Aug 8, 2021.
             Slain by an ice beast (13 damage)
             ... on level 5 of the Dungeon.
             The game lasted 00:03:09 (5023 turns).

emiel the Poker (Naga Fighter)                      Turns: 5023, Time: 00:03:10

Health: 0/56       AC:  5    Str: 21    XL:     6   Next: 57%
Magic:  6/6        EV:  7    Int:  8    God:
Gold:   144        SH:  0    Dex: 10    Spells: 5/5 levels left

rFire    . . .     SeeInvis +   a - +0 trident
rCold    . . .     Faith    .   (no shield)
rNeg     . . .     Spirit   .   b - +0 scale mail
rPois    +         Reflect  .   (no helmet)
rElec    .         Harm     .   (no cloak)
rCorr    .         Rampage  .   (no gloves)
Will     .....                  (no barding)
Stlth    ..........             (no amulet)
HPRegen  0.18/turn              (no ring)
MPRegen  0.10/turn              (no ring)

@: hasted, studying Maces & Flails, quick
A: AC +2, large, see invisible, deformed body, poison resistance, slowness 2,
spit poison 1, naga tail 1
a: Spit Poison


You were on level 5 of the Dungeon.
You visited 1 branch of the dungeon, and saw 5 of its levels.

You collected 144 gold pieces.

Inventory:

Hand Weapons
 a - a +0 trident (weapon)
Armour
 b - a +0 scale mail (worn)
Jewellery
 c - an amulet of reflection
Wands
 s - a wand of iceblast (9)
Scrolls
 d - a scroll of brand weapon {unknown}
 f - 2 scrolls of teleportation {unknown}
 i - 4 scrolls of identify {unknown}
 k - 3 scrolls of noise {unknown}
 l - a scroll of fog {unknown}
 m - a scroll of enchant weapon {unknown}
 p - a scroll of summoning {unknown}
 r - a scroll of fear {unknown}
Potions
 e - a potion of lignification {unknown}
 g - 2 potions of mutation {unknown}
 h - 2 potions of attraction {unknown}
 j - a potion of brilliance {unknown}
 n - 2 potions of heal wounds {unknown}
 q - a potion of might


   Skills:
 - Level 3.0 Fighting
 * Level 6.8 Polearms
 - Level 2.4 Armour
 - Level 2.4 Shields
 + Level 0.0 Evocations


You had 5 spell levels left.
You didn't know any spells.
Your spell library was empty.

Dungeon Overview and Level Annotations

Branches:
Dungeon (5/15)
 Temple: D:4-7

Altars:
Makhleb
Xom

Annotations:
D:5 3 runed translucent doors


Innate Abilities, Weirdness & Mutations

Your serpentine skin is tough. (AC +2)
You have supernaturally acute eyesight. (SInv)
Armour fits poorly on your strangely shaped body.
Your system is resistant to poisons. (rPois)
You cover ground very slowly.
You can spit poison.
You have a snake-like lower body.


Message History

You start resting.
HP restored.
s - a wand of iceblast (9)
The orc shouts!
You hear a shout!
The orc shouts!
You hear a shout! x2
An ice beast comes into view.
You feel yourself speed up.
You reach to attack!
You closely miss the ice beast.
You reach to attack!
You hit the ice beast.
The ice beast is lightly wounded.
You hit the ice beast.
The ice beast is moderately wounded.
The ice beast hits you. The ice beast freezes you!
You hit the ice beast.
The ice beast is heavily wounded.
You closely miss the ice beast.
The ice beast is heavily wounded.
The ice beast hits you. The ice beast freezes you!
You barely miss the ice beast.
The ice beast is heavily wounded.
The ice beast hits you. The ice beast freezes you!
* * * LOW HITPOINT WARNING * * *
You closely miss the ice beast.
The ice beast is heavily wounded.
You are too injured to fight recklessly!
You closely miss the ice beast.
The ice beast is heavily wounded.
The ice beast closely misses you.
Unknown command.
You completely miss the ice beast.
The ice beast is heavily wounded.
Unknown command.
Unknown command.
Unknown command.
You completely miss the ice beast.
The ice beast is heavily wounded.
The ice beast hits you.
* * * LOW HITPOINT WARNING * * *
The ice beast freezes you!
You die...

..#...#.#..# #.#.#####
..#........# #.#.......
. #.#.#..#.####...###...
......#.................
..##.##..#######..###.##
.. .. #..#........# # 8
............8#..###...
#####+++######.........
..........o#.@Y######
..## #... #......... .##
###..##### #8 .... #.###
.# .. .##


You could see an ice beast.

Vanquished Creatures
  A phantom (D:4)
  A centaur zombie (D:5)
  A hound (D:4)
  An orc wizard (D:4)
  6 adders
  2 howler monkey skeletons (D:5)
  A shadow imp (D:4)
  2 ufetubi
  2 dart slugs
  4 orcs
  7 bats
  8 endoplasms
  4 giant cockroaches
  4 goblins
  12 hobgoblins
  5 kobolds
  2 quokkas
  8 ball pythons
  2 frilled lizards
  6 rats
79 creatures vanquished.

Notes
Turn   | Place    | Note
-------+----------+-------------------------------------------
     0 | D:1      | emiel the Naga Fighter began the quest for the Orb.
     0 | D:1      | Reached XP level 1. HP: 21/21 MP: 1/1
   137 | D:1      | Reached XP level 2. HP: 28/28 MP: 2/2
   208 | D:1      | Found a faded altar of an unknown god.
   304 | D:1      | Reached skill level 3 in Polearms
   844 | D:1      | Reached XP level 3. HP: 34/34 MP: 3/3
  1221 | D:2      | Found a burning altar of Makhleb.
  1666 | D:2      | Reached skill level 4 in Polearms
  1712 | D:2      | Reached XP level 4. HP: 21/42 MP: 4/4
  2505 | D:3      | Found a shimmering altar of Xom.
  3369 | D:4      | Reached skill level 5 in Polearms
  3369 | D:4      | Reached XP level 5. HP: 37/49 MP: 5/5
  4140 | D:4      | Noticed a phantom
  4156 | D:4      | Killed a phantom
  4157 | D:4      | Reached skill level 6 in Polearms
  4157 | D:4      | Reached XP level 6. HP: 24/56 MP: 6/6
  4865 | D:5      | Entered Level 5 of the Dungeon
  4995 | D:5      | Found a runed translucent gate.
  4995 | D:5      | Found a runed translucent gate.
  4995 | D:5      | Found a runed translucent gate.
  5012 | D:5      | Noticed an ice beast
  5023 | D:5      | Slain by an ice beast

Illustrated notes

Levels and vault maps discovered:
D:1:      erik_arrival_cave_to_civilisation [erik_arrival_cave_to_hall],
          layout_basic, ebering_ecumenical_altar_mist,
          chequers_serial_rivers_small_b, minmay_tetromino_l4
D:2:      layout_basic, basic_altar, mrwooster_statue_mirror
D:3:      layout_basic, mainiacjoe_overflow_paths, serial_co_window_serial,
          co_window_paths_b, co_window_paths_b, co_window_paths_a,
          co_window_corner_a, co_window_cross_1, co_window_2corner,
          co_window_corner_ca, co_window_2corner, co_window_unsneaky_path_b,
          co_window_of_opportunity_b, co_window_corner_b, co_window_4corner_a,
          co_window_paths_e
D:4:      layout_basic, kennysheep_generic_room_4
D:5:      layout_basic, biasface_ghost_orc_armoury, uniq_edmund, uniq_duvessa

Skill      XL: |  1  2  3  4  5 |
---------------+----------------+-----
Polearms       | 3 4 5 6 |  6.8
Fighting       | |  3.0
Armour         | |  2.4
Shields        | |  2.4

Action                   |  1- 3 |  4- 6 || total
-------------------------+-------+-------++-------
Melee: Trident           |   124 |   147 ||   271
 Abil: Spit Poison       |     5 |     3 ||     8
  Use: Potion            |       |     2 ||     2
Armor: Scale mail        |    49 |    46 ||    95
Dodge: Dodged            |    35 |    57 ||    92
